 Dungeon Crawl Stone Soup version 0.29.1-1-gd02db6906a (webtiles) character file.

Game seed: 7559849375319678338

226 Icepheonix32 the Firebug (level 5, -5/34 HPs)
             Began as a Draconian Fire Elementalist on Sept 22, 2022.
             Was an Initiate of Vehumet.
             Slain by an orc
             ... wielding a +2 falchion of freezing
              (6 damage)
             ... on level 4 of the Dungeon.
             The game lasted 00:03:49 (3728 turns).

Icepheonix32 the Firebug (DrFE)                     Turns: 3728, Time: 00:03:50

Health: -5/34      AC:  5    Str: 14    XL:     5   Next: 69%
Magic:  2/9        EV: 12    Int: 17    God:    Vehumet [......]
Gold:   243        SH:  0    Dex: 10    Spells: 6/9 levels left

rFire   . . .      SeeInvis .   g - +4 whip (drain)
rCold   + . .      Faith    .   (no shield)
rNeg    . . .      Spirit   .   (body armour unavailable)
rPois   .          Reflect  .   (helmet restricted)
rElec   .          Harm     .   (no cloak)
rCorr   .          Rampage  .   (no gloves)
Will    .....                   (no boots)
Stlth   ++........              (no amulet)
HPRegen 0.11/turn               b - ring of protection from cold
MPRegen 0.11/turn               (no ring)

@: no status effects
A: AC +5, unfitting armour, cold-blooded, frail 1, strong 1
a: Renounce Religion


You were on level 4 of the Dungeon.
You worshipped Vehumet.
Vehumet was noncommittal.
You visited 1 branch of the dungeon, and saw 4 of its levels.

You collected 243 gold pieces.

Inventory:

Hand Weapons
 g - a +4 whip of draining (weapon)
Missiles
 o - 2 boomerangs
Jewellery
 b - a ring of protection from cold (left hand)
 n - an amulet of magic regeneration
Scrolls
 i - a scroll of immolation
 j - a scroll of identify
Potions
 a - 2 potions of magic
 c - 4 potions of heal wounds {unknown}
 d - 2 potions of might {unknown}
 f - a potion of berserk rage
 h - 3 potions of curing {unknown}
 k - a potion of haste
 l - 2 potions of resistance {unknown}
 p - a potion of invisibility {unknown}


   Skills:
 + Level 0.1 Fighting
 + Level 1.4 Maces & Flails
 + Level 2.2 Dodging
 + Level 2.4 Stealth
 + Level 2.8 Spellcasting
 + Level 2.1 Conjurations
 * Level 4.8 Fire Magic


You had 6 spell levels left.
You knew the following spells:

 Your Spells              Type           Power      Damage    Failure   Level
a - Foxfire               Conj/Fire      56%        2x1d6     4%          1
b - Scorch                Fire           36%        2d7       3%          2

Your spell library contained the following spells:

 Spells                   Type           Power      Damage    Failure   Level
 Conjure Flame            Conj/Fire      14%        6-21      13%         3
 Inner Flame              Hex/Fire       10%        N/A       21%         3
 Flame Wave               Conj/Fire      14%        2d6       38%         4


Dungeon Overview and Level Annotations

Branches:
Dungeon (4/15)
 Temple: D:4-7

Altars:
Okawaru
Vehumet
Wu Jian
The Shining One


Innate Abilities, Weirdness & Mutations

Your plain brown scales are hard. (AC +5)
You cannot fit into any form of body armour.
You are cold-blooded and may be slowed by cold attacks.
You are frail. (-10% HP)
Your muscles are strong. (Str +4, Int/Dex -1)


Message History

The orc hits you with a +0 short sword.
Unknown command.
You hit the orc.
You kill the orc!
Vehumet accepts your kill. The orc closely misses you.
The orc closely misses you.
Items here: ))) ? [ †.
You see here a +0 whip.
The orc attacks as you move away! The orc closely misses you.
You see here a +0 club.
The orc attacks as you move away!
The orc hits you with a +2 falchion of freezing!
The orc freezes you.
Things that are here:
a +0 short sword; a +0 leather armour The orc attacks as you move away!
The orc barely misses you.
You hit the orc but do no damage. The orc barely misses you. x2
Things that are here:
a +0 short sword; a +0 leather armour You hit the orc but do no damage.
The orc closely misses you.
The orc hits you with a +2 falchion of freezing!
* * * LOW HITPOINT WARNING * * *
The orc freezes you.
* * * LOW HITPOINT WARNING * * *
You hit the orc.
The orc is almost dead.
The orc barely misses you. x2
You barely miss the orc.
The orc is almost dead.
The orc hits you with a +0 morningstar.
* * * LOW HITPOINT WARNING * * *
The orc barely misses you.
Unknown command.
It was a potion of mutation.
You feel extremely strange.
You feel frail.
You feel stronger. The orc barely misses you.
The orc hits you with a +2 falchion of freezing.
You die...

...##
#... ...
... #.#
#.#
#)#######
#.)))o@.#
#######o#
#.# #.#
#.# #.#
#)# ###.#
#...#


You could see 2 orcs.

Vanquished Creatures
  A phantom (D:4)
  8 adders
  A white imp (D:4)
  2 dart slugs (D:3)
  8 orcs (D:4)
  2 endoplasms
  2 giant cockroaches (D:3)
  6 goblins
  8 hobgoblins
  2 jackals (D:1)
  4 quokkas
  5 ball pythons
  4 bats
  5 frilled lizards
  3 kobolds
  6 rats
67 creatures vanquished.

Vanquished Creatures (others)
  225 foxfires
225 creatures vanquished.

Grand Total: 292 creatures vanquished

Notes
Turn   | Place    | Note
-------+----------+-------------------------------------------
     0 | D:1      | Icepheonix32 the Draconian Fire Elementalist began the
                  | quest for the Orb.
     0 | D:1      | Reached XP level 1. HP: 14/14 MP: 3/3
   501 | D:1      | Reached XP level 2. HP: 20/20 MP: 1/5
  1052 | D:1      | Found a faded altar of an unknown god.
  1218 | D:2      | Reached XP level 3. HP: 26/26 MP: 1/6
  1490 | D:2      | Reached skill level 4 in Fire Magic
  1554 | D:2      | You fall into a shaft and drop 1 floor!
  2427 | D:3      | Reached XP level 4. HP: 33/33 MP: 0/7
  3249 | D:4      | Reached skill level 1 in Maces & Flails
  3474 | D:4      | Reached XP level 5. HP: 38/38 MP: 8/8
  3478 | D:4      | Noticed a yak
  3478 | D:4      | Noticed a yak
  3478 | D:4      | Noticed a yak
  3479 | D:4      | Noticed a yak
  3479 | D:4      | Noticed a yak
  3491 | D:4      | Found a glowing golden altar of the Shining One.
  3492 | D:4      | Found an iron altar of Okawaru.
  3492 | D:4      | Noticed a phantom
  3493 | D:4      | Found an ornate altar of the Wu Jian Council.
  3506 | D:4      | Found a radiant altar of Vehumet.
  3519 | D:4      | Killed a phantom
  3525 | D:4      | Became a worshipper of Vehumet
  3637 | D:4      | Learned a level 2 spell: Scorch
  3706 | D:4      | Identified the +10 sling "Iskoarakh" {speed, rPois rCorr
                  | Int-4 Dex+4}
  3727 | D:4      | HP: 1/38 [orc/+0 morningstar (6)]
  3728 | D:4      | Gained mutation: You are frail. (-10% HP) [potion of
                  | mutation]
  3728 | D:4      | Gained mutation: Your muscles are strong. (Str +4, Int/Dex
                  | -1) [potion of mutation]
  3728 | D:4      | Slain by an orc

Illustrated notes

Levels and vault maps discovered:
D:1:      dpeg_arrival_windows_large_door, layout_basic, serial_rivers,
          chequers_serial_rivers_micro_b, chequers_serial_rivers_small_3,
          chequers_serial_rivers_micro_c, chequers_serial_rivers_micro_d,
          dilly_ecumenical_altar_fadedgnrine, chequers_serial_rivers_room_a,
          minivault_26, minmay_misc_feat_four_crosses, lemuel_flame_loot_1
D:2:      layout_rooms, chequers_mini_garden
D:3:      layout_loops_cross
D:4:      layout_loops_ring, chequers_temple_overflow_statue_of_worship,
          solitary_fountain, nicolae_shop_gadgets

Skill      XL: |  1  2  3  4  5 |
---------------+----------------+-----
Fire Magic     | 4 |  4.8
Stealth        | 2 |  2.4
Dodging        | 2 |  2.2
Maces & Flails | 1 |  1.4
Conjurations   | 2 |  2.1
Fighting       | |  0.1
Spellcasting   | |  2.8

Action                   |  1- 3 |  4- 6 || total
-------------------------+-------+-------++-------
Melee: Whip              |    28 |    30 ||    58
       Tailslap          |     2 |     2 ||     4
 Cast: Foxfire           |    94 |    39 ||   133
       Scorch            |       |     3 ||     3
  Use: Scroll            |     2 |     4 ||     6
       Potion            |       |     1 ||     1
 Stab: Sleeping          |     1 |     2 ||     3
Armor: Skin              |     8 |     6 ||    14
Dodge: Dodged            |    24 |    24 ||    48
